Map: 2000 атмосфер РВ

Players

ИИ 1 (боец)

  • Race: Terran Terran

infernosvd - Winner!

  • Race: Protoss Protoss
  • League: Platinum

VOD

Have the link to the VOD?

Description

Time

  • Played on: May 26, 2021, 5:55 a.m.
  • Length: 5:35
Show
View Real Time Build Order
Export as new Build Order

ИИ 1 (боец) Terran 

Build Orders:  

Get SALT Encoding   

  12  0:00  SCV  
  13  0:13  SCV  
  14  0:18  Supply Depot  
  14  0:25  SCV  
  15  0:39  SCV  
  16  0:43  Barracks  
  16  0:49  Refinery  
  16  0:51  SCV  
  17  1:04  SCV  
  18  1:16  Supply Depot  
  18  1:31  Marine  
  19  1:34  Orbital Command, Barracks  
  19  1:45  Refinery  
  19  1:50  Barracks Tech Lab  
  19  2:08  Marine  
  20  2:11  Supply Depot  
  20  2:26  Marauder  
  22  2:31  Marine  
  22  2:32  SCV  
  24  2:44  SCV, Engineering Bay  
  24  2:48  Marauder  
  25  2:52  Marine  
  25  2:57  SCV  
  24  3:08  Marine  
  25  3:14  Marine  
  25  3:15  Supply Depot  
  25  3:21  SCV  
  25  3:26  Marine  
  25  3:32  Marine  
  25  3:33  SCV  
  26  3:44  Marine  
  26  3:45  SCV  
  30  4:02  Marauder  
  30  4:12  Marine  
  30  4:23  Marine  
  28  4:30  Marine  
  26  4:41  Marine  
  27  4:48  Marine  
  28  4:59  Marine  
  27  5:06  Marine, SCV  
  24  5:17  Marine  
  24  5:18  SCV  
Show
View Real Time Build Order
Export as new Build Order

infernosvd Protoss - Winner!

Build Orders: Dark Templar Rush 

Get SALT Encoding   

  12  0:02  Probe  
  13  0:14  Probe  
  14  0:21  Pylon  
  14  0:26  Probe  
  15  0:39  Probe  
  15  0:40  Gateway  
  16  0:53  Probe, Pylon  
  17  0:57  Assimilator  
  17  1:12  Gateway  
  17  1:14  Probe  
  18  1:27  Cybernetics Core  
  18  1:29  Zealot  
  20  1:37  Probe  
  20  1:38  Assimilator  
  21  1:50  Probe  
  22  2:02  Probe  
  22  2:03  Stalker (Chrono Boost)  
  25  2:14  Probe  
  28  2:17  Stalker (Chrono Boost)  
  28  2:19  Warp Gate (Chrono Boost)  
  28  2:26  Probe  
  31  2:33  Stalker (Chrono Boost)  
  31  2:46  Twilight Council  
  31  3:08  Nexus  
  29  3:14  Pylon  
  29  3:26  Dark Shrine  
  27  3:28  Probe  
  28  3:40  Probe  
  29  3:52  Probe  
  30  4:02  Stalker x2  
  32  4:04  Probe  
  35  4:16  Probe  
  36  4:28  Probe, Stalker x2  
  39  4:40  Probe  
  39  4:44  Probe  
  41  4:52  Probe  
  42  4:56  Probe, Dark Templar x2  
Tags
 
Add a new tag
Caveats
  • Supply blocks, unpowered buildings, or Contaminate may cause inaccurate times.
  • Supply counts are checked every 10 seconds.